 Dungeon Crawl Stone Soup version 0.29-a0-352-g0917bc69df (webtiles) character file.

Game seed: 5411764330632813682

3056 croobank the Covert (level 9, -6/91 HPs)
             Began as an Octopode Fire Elementalist on Apr 23, 2022.
             Was an Initiate of Gozag.
             Mangled by a hornet (9 damage)
             ... on level 8 of the Dungeon.
             The game lasted 00:35:17 (9775 turns).

croobank the Covert (Octopode Fire Elementalist)    Turns: 9775, Time: 00:35:18

Health: -6/91      AC: 24    Str:  7    XL:     9   Next: 87%
Magic:  13/26      EV:  2    Int: 21    God:    Gozag
Gold:   375        SH:  0    Dex: 19    Spells: 6/18 levels left

rFire   . . .      SeeInvis .   a - +0 trident (protect)
rCold   . . .      Faith    .   (no shield)
rNeg    . . .      Spirit   .   (helmet currently unavailable)
rPois   +          Reflect  .   G - amulet of magic regeneration
rElec   .          Harm     .   e - +6 ring of dexterity
rCorr   +          Rampage  .   h - +4 ring of evasion
Will    .....      NoTele   +   l - ring of resist corrosion
Stlth   ++++......              q - ring of wizardry
HPRegen 0.25/turn               t - ring of magical power
MPRegen 0.60/turn               (no ring)
                                (no ring)
                                (no ring)

@: tree-form
A: stationary, stasis, torment immunity, boosted hp, almost no armour,
(amphibious), 8 rings, (camouflage 1), (gelatinous body 1), (nimble swimmer 1),
(tentacles)
a: Renounce Religion, Potion Petition, Call Merchant, Bribe Branch


You were on level 8 of the Dungeon.
You worshipped Gozag.
Gozag was aware of your devotion.
You were a tree.
You visited 2 branches of the dungeon, and saw 9 of its levels.
You also visited: Ossuary.

You collected 836 gold pieces.
You spent 401 gold pieces at shops.
You paid 60 gold pieces to Gozag.

Inventory:

Hand Weapons
 a - a +0 trident of protection (weapon)
 i - a +1 short sword of freezing
 n - a +0 hand crossbow
Missiles
 f - 265 stones
 g - 3 curare-tipped darts
 p - 3 javelins
 D - 6 poisoned darts
 F - 3 boomerangs
Jewellery
 e - a +6 ring of dexterity (left branch)
 h - a +4 ring of evasion (right branch)
 l - a ring of resist corrosion (on tentacle)
 q - a ring of wizardry (on tentacle)
 t - a ring of magical power (on tentacle)
 G - an amulet of magic regeneration (around neck)
Wands
 x - a wand of acid (7)
Scrolls
 b - 2 scrolls of enchant weapon
 c - a scroll of immolation
 d - 2 scrolls of blinking
 k - a scroll of teleportation
 y - a scroll of enchant armour
Potions
 j - 2 potions of cancellation
 m - a potion of resistance
 o - a potion of mutation
 r - 2 potions of magic
 s - 2 potions of ambrosia
 u - 2 potions of haste
 z - 2 potions of brilliance
 A - a potion of flight
 C - a potion of might


   Skills:
 + Level 5.1 Fighting
 + Level 5.8 Dodging
 + Level 8.2 Stealth
 + Level 5.3 Spellcasting
 + Level 5.5 Conjurations
 + Level 6.2 Fire Magic


You had 6 spell levels left.
You knew the following spells:

 Your Spells              Type           Power      Damage    Failure   Level
a - Foxfire               Conj/Fire      100%       2x1d9     1%          1
b - Scorch                Fire           62%        2d8       1%          2
c - Conjure Flame         Conj/Fire      30%        6-21      1%          3
d - Flame Wave            Conj/Fire      30%        2d8       4%          4
e - Wereblood             Tmut           5%         N/A       6%          2

Your spell library contained the following spells:

 Spells                   Type           Power      Damage    Failure   Level
 Inner Flame              Hex/Fire       18%        N/A       3%          3
 Sublimation of Blood     Necr           5%         N/A       6%          2
 Summon Hydra             Summ           2%         N/A       100%        7


Dungeon Overview and Level Annotations

Branches:
Dungeon (8/15)             Temple (1/1) D:5         Ossuary (visited)
   Lair: D:8-11

Altars:
Ashenzari
Cheibriados
Dithmenos
Elyvilon
Fedhas
Gozag
Hepliaklqana
Kikubaaqudgha
Makhleb
Nemelex Xobeh
Okawaru
Qazlal
Ru
Sif Muna
Trog
Uskayaw
Vehumet
Wu Jian
Yredelemnul
Zin
The Shining One

Shops:
D:7 :?*[(

Annotations:
D:8 Maggie


Innate Abilities, Weirdness & Mutations

You are a tree.
Your roots penetrate the ground, keeping you stationary.
You cannot be teleported.
You are immune to unholy pain and torment.
Your maximum health is greatly increased.
You cannot wear most types of armour.
((You are amphibious.))
You can wear up to eight rings at the same time.
((Your skin changes colour to match your surroundings (Stealth+).))
((Your rubbery body absorbs attacks. (AC +1, EV +1)))
((You are camouflaged when in or above water. (Stealth+)))
((You have tentacles for arms and can constrict up to eight enemies at once.))


Message History

A wave of flame ripples out!
The flame wave engulfs the hornet.
The hornet is severely wounded.
The flame wave engulfs Maggie but does no damage.
Maggie is heavily wounded. (Press . to intensify the flame waves.)
The hornet barely misses you.
Maggie hits you with a +2 scimitar of protection!!
* * * LOW HITPOINT WARNING * * *
You smother the flame.
A wave of flame ripples out!
The flame wave engulfs the hornet.
The hornet is severely wounded.
The flame wave engulfs Maggie.
Maggie is heavily wounded.
The hornet completely misses you. Maggie closely misses you.
The hornet stings you.
* * * LOW HITPOINT WARNING * * *
You feel yourself slow down.
Okay, then.
Okay, then.
Okay, then.
Okay, then.
Okay, then.
Okay, then.
As you read the scroll of teleportation, it crumbles to dust.
You feel strangely unstable.
You feel yourself speed up.
You break out of your daze.
The hornet barely misses you.
Maggie casts a spell.
Maggie attempts to bespell you! You resist. The hornet stings you.
* * * LOW HITPOINT WARNING * * *
You feel yourself slow down.
Maggie hits you with a +2 scimitar of protection.
* * * LOW HITPOINT WARNING * * *
It was a potion of lignification.
You turn into a tree.
Your roots penetrate the ground.
You feel strangely stable.
You feel yourself speed up. The hornet stings you!
You die...
Your body crumbles into a pile of gold.

..............
)............
............
...........
.## ..........
..# #........
..# #......#
..##
#...@♣####...#
##..y..##....#
#..........#
#........###
#.......##
#.....###
..##....##
#.......##
#..####..##


You could see Maggie and a hornet.

Vanquished Creatures
  3 vampire mosquitoes (D:6)
  3 water moccasins
  Duvessa (D:6)
  An ice beast (D:5)
  A black bear (D:4)
  A sky beast (D:7)
  3 ogres
  A centaur (D:7)
  3 phantoms
  A kobold brigand (D:7)
  5 scorpions
  2 bullfrogs
  2 necrophages (D:4)
  Dowan (D:6)
  A howler monkey (D:4)
  An orc priest (D:3)
  2 jellies (D:6)
  A gnoll shaman (D:5)
  5 hounds
  Terence (D:3)
  2 iguanas
  2 orc wizards (D:4)
  8 mummies (Ossuary)
  Robin (D:3)
  4 gnolls
  4 adders
  A shadow imp (D:7)
  A white imp (D:5)
  2 ufetubi
  2 dart slugs
  A worm (D:3)
  21 orcs
  9 bats
  10 endoplasms
  6 giant cockroaches
  2 gnoll zombies (Ossuary)
  17 goblins
  7 hobgoblins
  9 kobolds
  3 quokkas
  6 ball pythons
  5 frilled lizards
  A hobgoblin zombie (Ossuary)
  5 orc zombies (Ossuary)
  A rat (D:2)
169 creatures vanquished.

Vanquished Creatures (others)
  305 foxfires
305 creatures vanquished.

Grand Total: 474 creatures vanquished

Notes
Turn   | Place    | Note
-------+----------+-------------------------------------------
     0 | D:1      | croobank the Octopode Fire Elementalist began the quest for
                  | the Orb.
     0 | D:1      | Reached XP level 1. HP: 11/11 MP: 3/3
   329 | D:1      | Reached XP level 2. HP: 17/17 MP: 3/5
   369 | D:1      | Reached skill level 3 in Stealth
  1074 | D:1      | Reached XP level 3. HP: 6/22 MP: 3/6
  1298 | D:1      | Learned a level 2 spell: Scorch
  1523 | D:2      | Found a faded altar of an unknown god.
  1855 | D:2      | Identified the +2 robe of Xotuigypn {rElec Will- Dex+9
                  | Stlth-}
  2405 | D:3      | Noticed Robin
  2542 | D:3      | Noticed Terence
  2543 | D:3      | Learned a level 3 spell: Conjure Flame
  2544 | D:3      | Killed Robin
  2545 | D:3      | Reached skill level 1 in Fighting
  2545 | D:3      | Reached XP level 4. HP: 28/28 MP: 2/7
  2760 | D:3      | Killed Terence
  2761 | D:3      | Reached XP level 5. HP: 20/33 MP: 6/8
  3041 | D:3      | Reached skill level 4 in Stealth
  3350 | D:3      | Reached XP level 6. HP: 39/39 MP: 4/10
  4359 | D:4      | Reached XP level 7. HP: 45/45 MP: 3/11
  4534 | D:5      | Entered Level 5 of the Dungeon
  4696 | D:4      | Learned a level 4 spell: Flame Wave
  4866 | D:4      | Reached skill level 5 in Stealth
  5438 | D:4      | Learned a level 2 spell: Wereblood
  5660 | D:5      | Reached XP level 8. HP: 39/52 MP: 13/13
  5871 | D:5      | Reached skill level 6 in Stealth
  5898 | D:5      | Reached skill level 5 in Fire Magic
  6209 | D:5      | Found a staircase to the Ecumenical Temple.
  6263 | Temple   | Entered the Ecumenical Temple
  6438 | Temple   | Became a worshipper of Gozag Ym Sagoz the Greedy
  6931 | D:6      | Noticed Dowan
  6933 | D:6      | Noticed Duvessa
  7078 | D:6      | Killed Duvessa
  7096 | D:6      | Killed Dowan
  7279 | D:6      | Found a sand-covered staircase.
  7288 | Ossuary  | Entered an ossuary
  7447 | Ossuary  | Reached XP level 9. HP: 58/58 MP: 14/15
  7448 | Ossuary  | Reached skill level 7 in Stealth
  7678 | D:6      | Reached skill level 5 in Dodging
  7984 | D:6      | Reached skill level 5 in Conjurations
  7986 | D:6      | Reached skill level 5 in Spellcasting
  8284 | D:7      | Found Piriuvupp's Weapon Shop.
  8321 | D:7      | Found Oxkavvuc's Assorted Antiques.
  8330 | D:7      | Bought a scroll labelled CENIECHADWA for 31 gold pieces
  8330 | D:7      | Bought a scroll of identify for 62 gold pieces
  8330 | D:7      | Bought a scroll of identify for 62 gold pieces
  8348 | D:7      | Found Tyfoam's Antique Armour Shop.
  8477 | D:7      | Reached skill level 8 in Stealth
  8646 | D:7      | Reached skill level 5 in Fighting
  8959 | D:7      | Found Horocrutug's Magic Scroll Shop.
  8998 | D:7      | Bought a scroll of blinking for 97 gold pieces
  8998 | D:7      | Bought a scroll of enchant weapon for 97 gold pieces
  8998 | D:7      | Bought a scroll of identify for 26 gold pieces
  8998 | D:7      | Bought a scroll of identify for 26 gold pieces
  9123 | D:7      | Found Jamousuu's Book Emporium.
  9185 | D:7      | Noticed a hornet
  9199 | D:7      | Paralysed by a hornet for 2 turns
  9421 | D:7      | Paralysed by a hornet for 1 turns
  9424 | D:7      | Paralysed by a hornet for 1 turns
  9424 | D:7      | HP: 1/61 [hornet (17)]
  9756 | D:8      | Noticed a hornet
  9760 | D:8      | Noticed Maggie
  9774 | D:8      | HP: 2/61 [Maggie/+2 scimitar of protection (4)]
  9775 | D:8      | Mangled by a hornet

Illustrated notes

Levels and vault maps discovered:
D:1:      dreamdust_arrival_beginning_and_end, layout_rooms,
          minmay_crystal_water, kennysheep_minor_cross
D:2:      layout_basic, hellmonk_ecumenical_altar_pennies_from_heaven,
          chequers_serial_rivers_micro_b
D:3:      layout_loops_corners, uniq_terence, uniq_robin
D:4:      layout_basic
D:5:      layout_basic, minmay_temple_entry_junction_2
D:6:      layout_rooms, lightli_ossuary_entry_decrepit_ruins, uniq_duvessa
D:7:      layout_loops_cross, serial_shops, nicolae_shop_bloodbath_and_beyond,
          nicolae_shop_waterfront, shop, nicolae_lakefront_shop,
          nicolae_take_the_stairs
D:8:      layout_layer_cave, tgw_xom, serial_bayou_pond_d, uniq_maggie
Temple:   mainiacjoe_temple_starburst

Skill      XL: |  1  2  3  4  5  6  7  8  9 |
---------------+----------------------------+-----
Stealth        | 3 4 5 6 8 |  8.2
Fighting       | 1 2 3 4 5 |  5.1
Conjurations   | 2 3 4 5 |  5.5
Dodging        | 3 4 5 |  5.8
Spellcasting   | 3 4 5 |  5.3
Fire Magic     | 4 5 6 |  6.2

Action                   |  1- 3 |  4- 6 |  7- 9 || total
-------------------------+-------+-------+-------++-------
Melee: Unarmed           |    23 |    40 |       ||    63
       Constrict         |     5 |    12 |    12 ||    29
       Punch             |     2 |       |     1 ||     3
       Tentacles         |     5 |    14 |    10 ||    29
       Trident           |       |       |    33 ||    33
 Cast: Foxfire           |    43 |    39 |    98 ||   180
       Scorch            |    12 |    20 |    73 ||   105
       Flame Wave        |       |       |    10 ||    10
       Wereblood         |       |       |     2 ||     2
       Conjure Flame     |       |       |     2 ||     2
Evoke: Wand              |       |       |     7 ||     7
  Use: Scroll            |     4 |     3 |    13 ||    20
       Potion            |       |     3 |     4 ||     7
 Stab: Sleeping          |       |     1 |       ||     1
Armor: Skin              |     2 |     1 |     5 ||     8
Dodge: Dodged            |    14 |    36 |   119 ||   169

Table legend: (Time is in decaauts)
 A = Elapsed time spent in this place.
 B = Non-inter-level travel time spent in this place.
 C = Inter-level travel time spent in this place.
 D = Time resting spent in this place.
 E = Time spent auto-exploring this place.
 F = Levels seen in this place.
 G = Mean time per level.
                   A        B        C        D        E       F      G
               +--------+--------+--------+--------+--------+-----+--------+
         Total |   9805 |   9571 |    234 |   1533 |   6501 |  10 |  980.5 |
       Dungeon |   8841 |   8679 |    162 |   1451 |   5837 |   8 | 1105.1 |
        Temple |    577 |    505 |     72 |      0 |    498 |   1 |  577.0 |
       Ossuary |    386 |    386 |      0 |     82 |    166 |   1 |  386.0 |
               +--------+--------+--------+--------+--------+-----+--------+

Top non-repeatable levels by time:
     D:3: 1670 daAuts
     D:4: 1488 daAuts
     D:1: 1437 daAuts
     D:7: 1158 daAuts
     D:2: 1130 daAuts
     D:6: 834 daAuts
     D:5: 776 daAuts
  Temple: 577 daAuts
 Ossuary: 386 daAuts
     D:8: 345 daAuts
